 Dungeon Crawl Stone Soup version 0.20.1-1-g8b1a95d (webtiles) character file.

6795 KoningWillie the Carver (level 10, 0/90 HPs)
             Began as a Minotaur Fighter on Sept 23, 2017.
             Killed by divine providence
             ... invoked by an orc priest
              (15 damage)
             ... on level 12 of the Dungeon.
             The game lasted 00:19:39 (11432 turns).

KoningWillie the Carver (Minotaur Fighter)         Turns: 11432, Time: 00:19:42

Health: 0/90       AC: 14    Str: 23    XL:     10   Next: 76%
Magic:  9/9        EV:  5    Int:  5    God:
Gold:   589        SH:  9    Dex: 11    Spells: 9/9 levels left

rFire    . . .     SeeInvis .   a - +1 long sword
rCold    . . .     Gourm    .   c - +0 shield
rNeg     + . .     Faith    .   F - +0 plate armour
rPois    .         Spirit   .   (helmet restricted)
rElec    .         Reflect  .   (no cloak)
rCorr    .         Harm     .   (no gloves)
MR       .....                  (no boots)
Stlth    ..........             (no amulet)
Regen    0.3/turn               h - ring of wizardry
MPRegen  0.2/turn               y - ring of positive energy

@: no status effects
A: retaliatory headbutt, horns 2
a: no special abilities


You were on level 12 of the Dungeon.
You were not hungry.

You visited 1 branch of the dungeon, and saw 12 of its levels.

You collected 732 gold pieces.
You spent 143 gold pieces at shops.

Inventory:

Hand Weapons
 a - a +1 long sword (weapon)
Armour
 b - a +1 scale mail
 c - a +0 shield (worn)
 e - a +0 chain mail
 F - a +0 plate armour (worn)
Jewellery
 h - a ring of wizardry (left hand)
 w - an uncursed amulet of magic regeneration
 y - a ring of positive energy (right hand)
 C - a +3 ring of intelligence {unknown}
Wands
 n - a wand of random effects (19/48)
 q - a wand of polymorph (17/24)
 s - a wand of confusion (21/48)
 B - a wand of polymorph (10/24)
 D - a wand of digging (15/24)
 E - a wand of lightning (11/15)
 L - a wand of iceblast (7/15)
Scrolls
 l - 9 scrolls of remove curse
 v - 2 scrolls of enchant armour
 x - a scroll of teleportation
 K - 2 scrolls of identify
 M - a scroll of holy word {unknown}
Potions
 d - 2 potions of might
 i - 3 potions of curing
 j - a potion of flight
 k - 2 potions of resistance {unknown}
 m - a potion of cancellation
 p - 2 potions of magic
 t - a potion of degeneration {unknown}
 u - a potion of invisibility {unknown}
 z - a potion of mutation {unknown}
 G - a potion of haste {unknown}
 H - a potion of brilliance {unknown}
 I - a potion of agility {unknown}
Books
 r - a book of Necromancy

   Spells                             Type                      Level
   a - Pain                           Necromancy                   1
   b - Animate Skeleton               Necromancy                   1
   c - Vampiric Draining              Necromancy                   3
   d - Regeneration                   Charms/Necromancy            3
   e - Animate Dead                   Necromancy                   4
   f - Control Undead                 Necromancy                   4
Comestibles
 f - 3 bread rations
 g - 2 meat rations
 A - 3 royal jellies
 J - a fruit


   Skills:
 + Level 8.4 Fighting
 * Level 14.6 Long Blades
 + Level 10.7 Armour
 - Level 3.7 Shields


You had 9 spell levels left.
You didn't know any spells.

Dungeon Overview and Level Annotations

Branches:
Dungeon (12/15)            Temple (0/1) D:4            Lair (0/6) D:10
    Orc: D:9-12

Altars:
Fedhas
Makhleb
Nemelex Xobeh
Ru
Sif Muna
Trog
Uskayaw
Vehumet
Xom

Shops:
D:5 }!*


Innate Abilities, Weirdness & Mutations

You reflexively headbutt those who attack you in melee.
You have a pair of horns on your head.


Message History

The orc wizard barely misses you. You block the orc warrior's attack.
You closely miss the orc wizard. You headbutt the orc wizard.
You kill the orc wizard!
The orc hits you with a short sword. You block the orc's attack.
The orc warrior hits you from afar with a halberd!!
* * * LOW HITPOINT WARNING * * *
The orc priest mumbles some strange prayers to Beogh against you.
Beogh smites you!
* * * LOW HITPOINT WARNING * * *
The orc hits you but does no damage.
You hear a shout!
Things that are here:
a dagger; a robe; an orc corpse You feel much better.
The orc warrior hits you from afar with a halberd!
* * * LOW HITPOINT WARNING * * *
The orc hits you but does no damage.
The orc priest mumbles some strange prayers to Beogh against you.
Beogh smites you!
You die...

##.# #..# # #..# ##.# #
#.## #.## ## #.# #..# #.
..## #### ##..## ##. ...#
####..## ###....## #..
...# ##......# ##....#..##
#.. ..##
##.......###....###..###..
.## ##.......o@#[..###
##..##.. ..##
#........o)o).## ##..#..
#..####.........)o###
##....
###.##..........o.## ##...
##............[..# ##..
#.....>......[)## #..
#...........##)# ##.
#...........#...# #.
###[........#.8... ##


You could see an orc warrior, an orc priest and 3 orcs.

Vanquished Creatures
  A centaur zombie (D:11)
  A troll (D:8)
  4 hippogriffs
  4 yaks
  A vampire (D:12)
  2 wargs
  4 orc warriors
  A water moccasin (D:9)
  4 ice beasts
  3 sky beasts
  2 black bears
  2 necrophages
  5 ogres
  4 centaurs
  A big kobold (D:10)
  4 bullfrogs
  A water moccasin skeleton (D:6)
  7 scorpions
  A howler monkey (D:9)
  5 crimson imps
  3 bullfrog zombies
  A jelly (D:8)
  A quasit (D:7)
  2 hounds
  6 orc priests
  2 bullfrog skeletons
  15 orc wizards
  Jessica (D:2)
  An iguana (D:6)
  5 worker ants
  2 hound skeletons
  A worker ant zombie (D:10)
  10 gnolls
  13 adders
  A shadow imp (D:7)
  3 oozes
  An adder skeleton (D:7)
  A worm (D:3)
  2 dart slugs
  3 leopard geckos
  28 orcs
  9 bats
  3 giant cockroaches
  9 goblins
  9 hobgoblins
  6 jackals
  A quokka (D:2)
  A ball python (D:4)
  A frilled lizard (D:1)
  2 jackal skeletons (D:4)
  A jackal zombie (D:5)
  13 kobolds
  A quokka skeleton (D:10)
  2 quokka zombies
  5 rats (D:2)
222 creatures vanquished.

Notes
Turn   | Place    | Note
-------+----------+-------------------------------------------
     0 | D:1      | KoningWillie the Minotaur Fighter began the quest for the Orb.
     0 | D:1      | Reached XP level 1. HP: 19/19 MP: 0/0
   303 | D:1      | Reached XP level 2. HP: 27/27 MP: 1/1
   707 | D:2      | Found a faded altar of an unknown god.
   860 | D:2      | Reached skill level 3 in Long Blades
   900 | D:2      | Found a deep blue altar of Sif Muna.
   929 | D:2      | Reached XP level 3. HP: 33/33 MP: 2/2
  1100 | D:2      | Reached XP level 4. HP: 34/40 MP: 3/3
  1161 | D:2      | Noticed Jessica
  1170 | D:2      | Killed Jessica
  1170 | D:2      | Reached skill level 5 in Armour
  1171 | D:2      | Reached skill level 4 in Long Blades
  1903 | D:3      | Reached XP level 5. HP: 44/46 MP: 4/4
  1951 | D:3      | Found a hide-covered altar of Uskayaw.
  2039 | D:3      | Noticed a hippogriff
  2205 | D:3      | Reached skill level 5 in Long Blades
  2360 | D:4      | Reached XP level 6. HP: 49/52 MP: 5/5
  2421 | D:4      | Reached skill level 6 in Long Blades
  2943 | D:4      | Found a staircase to the Ecumenical Temple.
  2945 | D:4      | Found a sacrificial altar of Ru.
  3226 | D:5      | Entered Level 5 of the Dungeon
  3232 | D:5      | Reached skill level 7 in Long Blades
  3232 | D:5      | Reached XP level 7. HP: 51/60 MP: 6/6
  3332 | D:5      | Reached skill level 8 in Long Blades
  3568 | D:5      | Reached skill level 5 in Fighting
  3615 | D:5      | Found a sparkling altar of Nemelex Xobeh.
  3760 | D:5      | Found Imecwaa's Distillery.
  3771 | D:5      | Bought a potion of heal wounds for 65 gold pieces
  3771 | D:5      | Bought a potion of curing for 39 gold pieces
  3771 | D:5      | Bought a potion of curing for 39 gold pieces
  3870 | D:5      | Found a burning altar of Makhleb.
  3870 | D:5      | Found a faded altar of an unknown god.
  3876 | D:5      | Found a faded altar of an unknown god.
  3878 | D:5      | Found a shimmering altar of Xom.
  3880 | D:5      | Found a blossoming altar of Fedhas.
  3968 | D:5      | Found Buifud's General Store.
  4153 | D:5      | Found Syettoco's Gadget Emporium.
  4268 | D:6      | Reached skill level 9 in Long Blades
  4268 | D:6      | Reached XP level 8. HP: 60/68 MP: 7/7
  5216 | D:6      | Reached skill level 10 in Long Blades
  5234 | D:6      | Found a radiant altar of Vehumet.
  5373 | D:7      | Noticed a hippogriff
  5718 | D:7      | Killed a hippogriff
  5718 | D:7      | Reached skill level 11 in Long Blades
  5718 | D:7      | Reached XP level 9. HP: 64/75 MP: 8/8
  7513 | D:8      | Reached skill level 12 in Long Blades
  7557 | D:8      | Noticed a troll
  7568 | D:8      | Killed a troll
  8314 | D:8      | Found a bloodstained altar of Trog.
  8329 | D:8      | Noticed a two-headed ogre
  8480 | D:9      | Reached skill level 13 in Long Blades
  8503 | D:9      | Reached XP level 10. HP: 61/85 MP: 9/9
  9241 | D:10     | Entered Level 10 of the Dungeon
  9658 | D:10     | Found a staircase to the Lair.
  9713 | D:10     | Reached skill level 10 in Armour
 10165 | D:10     | Noticed a two-headed ogre
 10529 | D:11     | Reached skill level 14 in Long Blades
 11432 | D:12     | Killed from afar by an orc priest

Skill      XL: |  1  2  3  4  5  6  7  8  9 10 |
---------------+-------------------------------+-----
Armour         | 4 5 6 7 9 10 | 10.7
Long Blades    | 3 4 5 7 9 11 13 14 | 14.6
Fighting       | 4 5 6 7 8 |  8.4
Shields        | |  3.7

Action                   |  1- 3 |  4- 6 |  7- 9 | 10-12 || total
-------------------------+-------+-------+-------+-------++-------
Melee: Long sword        |    51 |   185 |   384 |   238 ||   858
       Headbutt          |     6 |    35 |    80 |    62 ||   183
  Use: Scroll            |     5 |     3 |     5 |     2 ||    15
       Potion            |     1 |       |     3 |     4 ||     8
  Eat: Fruit             |       |     5 |       |       ||     5
       Royal jelly       |       |     3 |       |       ||     3
       Bread ration      |       |     1 |     1 |     2 ||     4
       Meat ration       |       |       |     2 |       ||     2
Armor: Scale mail        |     6 |       |       |       ||     6
       Chain mail        |    26 |   103 |    99 |       ||   228
       Plate armour      |       |       |    60 |   213 ||   273
Dodge: Dodged            |    23 |    36 |    65 |    69 ||   193
Block: Shield            |    24 |   106 |   167 |   133 ||   430
       Rpst.: Long sword |     5 |    10 |    16 |    19 ||    50
